 Dungeon Crawl Stone Soup version 0.21.1-1-g345015f (webtiles) character file.

1720 Ethylacetat the Carver (level 8, -7/65 HPs)
             Began as a Demonspawn Fighter on June 14, 2018.
             Was a Follower of Okawaru.
             Mangled by Ethylacetat's ghost (14 damage)
             ... on level 7 of the Dungeon.
             The game lasted 00:17:06 (6038 turns).

Ethylacetat the Carver (Demonspawn Fighter)         Turns: 6038, Time: 00:17:06

Health: -7/65      AC:  8    Str: 17    XL:     8   Next: 75%
Magic:  9/10       EV: 13    Int: 10    God:    Okawaru [*.....]
Gold:   302        SH:  0    Dex: 14    Spells: 7/7 levels left

rFire    . . .     SeeInvis .   a - +0 long sword
rCold    + . .     Gourm    +   (no shield)
rNeg     . . .     Faith    .   b - +0 scale mail
rPois    .         Spirit   .   (no helmet)
rElec    .         Reflect  .   (no cloak)
rCorr    .         Harm     .   (no gloves)
MR       .....                  (no boots)
Stlth    ++........             l - amulet of the gourmand
HPRegen  0.20/turn              o - ring of protection from cold
MPRegen  0.12/turn              n - ring of loudness (curse)

@: heroism
A: talons 2, nightstalker 1
a: Heroism, Renounce Religion


You were on level 7 of the Dungeon.
You worshipped Okawaru.
Okawaru was aware of your devotion.
You were very full.

You visited 2 branches of the dungeon, and saw 8 of its levels.

You collected 302 gold pieces.

Inventory:

Hand Weapons
 a - a +0 long sword (weapon)
Armour
 b - a +0 scale mail (worn)
Jewellery
 l - an amulet of the gourmand (around neck)
 n - a cursed ring of loudness (right hand)
 o - a ring of protection from cold (left hand)
Scrolls
 c - 6 scrolls of identify
 d - 5 scrolls of teleportation
 g - 2 scrolls of amnesia {unknown}
 h - a scroll of fear {unknown}
 i - 3 scrolls of remove curse
 k - 2 scrolls of immolation {unknown}
 m - 2 scrolls of fog {unknown}
 s - a scroll of blinking {unknown}
 v - a scroll of enchant weapon {unknown}
Potions
 e - a potion of brilliance {unknown}
 j - 4 potions of curing {unknown}
 p - a potion of magic {unknown}
 q - 2 potions of lignification {unknown}
 r - 2 potions of haste {unknown}
 t - a potion of mutation {unknown}
 u - a potion of invisibility {unknown}
 z - a potion of heal wounds
Books
 w - a book of Minor Magic

   Spells                             Type                      Level
   a - Magic Dart                     Conjuration                  1
   b - Blink                          Translocation                2
   c - Call Imp                       Summoning                    2
   d - Slow                           Hexes                        2
   e - Conjure Flame                  Conjuration/Fire             3
   f - Mephitic Cloud                 Conjuration/Poison/Air       3
Comestibles
 f - 11 rations


   Skills:
 + Level 6.8(11.8) Fighting
 * Level 8.3(13.3) Long Blades
 - Level 2.6(7.6) Armour
 - Level 1.0(6.0) Dodging
   Level 2.6(7.6) Shields
 * Level 3.6 Invocations


You had 7 spell levels left.
You didn't know any spells.

Dungeon Overview and Level Annotations

Branches:
Dungeon (7/15)             Temple (1/1) D:5

Altars:
Ashenzari
Cheibriados
Dithmenos
Elyvilon
Fedhas
Gozag
Hepliaklqana
Kikubaaqudgha
Makhleb
Nemelex Xobeh
Okawaru
Qazlal
Ru
Sif Muna
Trog
Uskayaw
Vehumet
Wu Jian
Xom
Yredelemnul
Zin
The Shining One

Shops:
D:4 ?

Annotations:
D:7 Ethylacetat's ghost, novice DsFi


Innate Abilities, Weirdness & Mutations

You have razor-sharp toenails.
You are slightly more attuned to the shadows.


Message History

Ethylacetat's ghost is severely damaged.
Ethylacetat's ghost hits you.
You hit Ethylacetat's ghost but do no damage.
You claw Ethylacetat's ghost, but do no damage.
Ethylacetat's ghost is severely damaged.
Ethylacetat's ghost barely misses you.
You barely miss Ethylacetat's ghost. Your kick misses Ethylacetat's ghost.
Ethylacetat's ghost is severely damaged.
Ethylacetat's ghost hits you!
* * * LOW HITPOINT WARNING * * *
You hit Ethylacetat's ghost but do no damage.
Your kick misses Ethylacetat's ghost.
Ethylacetat's ghost is severely damaged.
You barely miss Ethylacetat's ghost.
Ethylacetat's ghost is severely damaged.
Ethylacetat's ghost hits you but does no damage.
You closely miss Ethylacetat's ghost. Your kick misses Ethylacetat's ghost.
Ethylacetat's ghost is severely damaged.
Ethylacetat's ghost hits you!
You die...

#.# #.##### #.#
#.#.... #. #.#
#.#.### #. #.#
#.#.# #. #.#
#.#.# #. #.#
#.#.# #. #.#
#.#.#
###.#.#######.#
#.#.#
.....W@.......#
#.#.###
###.#/#########
#.#.... #.
#.##### ..
#...... .#.
####### ####


You could see Ethylacetat's ghost.

Vanquished Creatures
  The ghost of RottenKnight the Conjurer, a novice DrCj (D:4)
  Eustachio (D:6)
  2 ice beasts
  A black bear (D:6)
  2 centaurs (D:5)
  3 ogres
  A scorpion (D:6)
  2 crimson imps (D:5)
  5 hounds
  An orc priest (D:5)
  An orc wizard (D:5)
  A centaur skeleton (D:5)
  An iguana (D:7)
  A worker ant (D:4)
  3 gnolls (D:3)
  7 adders
  A howler monkey skeleton (D:4)
  2 shadow imps
  4 worms
  7 dart slugs
  A leopard gecko (D:3)
  9 orcs
  A ball python (D:1)
  4 giant cockroaches
  5 goblins
  7 hobgoblins
  5 jackals
  6 kobolds
  A quokka (D:3)
  7 bats
  4 frilled lizards
  A jackal skeleton (D:6)
  7 rats
105 creatures vanquished.

Notes
Turn   | Place    | Note
-------+----------+-------------------------------------------
     0 | D:1      | Ethylacetat the Demonspawn Fighter began the quest for the Orb.
     0 | D:1      | Reached XP level 1. HP: 18/18 MP: 1/1
    32 | D:1      | Reached skill level 2 in Long Blades
   102 | D:1      | Gained mutation: You have sharp toenails. [demonic ancestry]
   102 | D:1      | Reached XP level 2. HP: 19/24 MP: 2/2
   616 | D:2      | Reached XP level 3. HP: 29/29 MP: 3/3
   630 | D:2      | Reached skill level 3 in Long Blades
  1053 | D:2      | Reached XP level 4. HP: 32/35 MP: 4/4
  1138 | D:2      | Reached skill level 1 in Dodging
  1557 | D:3      | Reached skill level 4 in Long Blades
  1565 | D:3      | Gained mutation: You have razor-sharp toenails. [demonic ancestry]
  1565 | D:3      | Reached XP level 5. HP: 34/42 MP: 5/5
  2252 | D:3      | Found a snail-covered altar of Cheibriados.
  2542 | D:4      | Noticed RottenKnight's ghost (novice DrCj)
  2574 | D:4      | Killed RottenKnight's ghost
  2574 | D:4      | Reached skill level 5 in Long Blades
  2574 | D:4      | Gained mutation: You are slightly more attuned to the shadows. [demonic ancestry]
  2574 | D:4      | Reached XP level 6. HP: 11/50 MP: 6/6
  2820 | D:4      | Found Liveof's Magic Scroll Emporium.
  3097 | D:4      | Reached skill level 5 in Fighting
  3097 | D:4      | Reached XP level 7. HP: 56/56 MP: 7/7
  3145 | D:4      | Reached skill level 6 in Long Blades
  3838 | D:5      | Entered Level 5 of the Dungeon
  3940 | D:5      | Found a staircase to the Ecumenical Temple.
  3956 | Temple   | Entered the Ecumenical Temple
  4272 | Temple   | Became a worshipper of Warmaster Okawaru
  4547 | D:5      | Reached skill level 7 in Long Blades
  4552 | D:5      | Reached * piety under Okawaru
  4552 | D:5      | Reached XP level 8. HP: 28/64 MP: 8/8
  5311 | D:6      | Reached skill level 1 in Invocations
  5430 | D:6      | Reached skill level 8 in Long Blades
  5492 | D:6      | Noticed Eustachio
  5520 | D:6      | Killed Eustachio
  6021 | D:7      | Noticed Ethylacetat's ghost (novice DsFi)
  6038 | D:7      | Mangled by Ethylacetat's ghost

Skill      XL: |  1  2  3  4  5  6  7  8 |
---------------+-------------------------+-----
Long Blades    | 2 3 4 5 7 8 |  8.3
Dodging        | 1 |  1.0
Fighting       | 4 5 6 |  6.8
Invocations    | 3 |  3.6
Armour         | |  2.6
Shields        | |  2.6

Action                   |  1- 3 |  4- 6 |  7- 9 || total
-------------------------+-------+-------+-------++-------
Melee: Long sword        |    83 |    82 |   178 ||   343
       Kick              |    23 |    24 |    72 ||   119
       Punch             |       |       |     1 ||     1
Throw: Throwing net      |       |       |     1 ||     1
Invok: Heroism           |       |       |     2 ||     2
  Use: Potion            |       |     1 |       ||     1
       Scroll            |       |       |     4 ||     4
 Stab: Sleeping          |       |       |     2 ||     2
  Eat: Chunk             |    12 |     9 |     9 ||    30
Armor: Scale mail        |    37 |       |    20 ||    57
       Ring mail         |     2 |    28 |    27 ||    57
Dodge: Dodged            |    52 |    51 |   100 ||   203
       Rpst.: Long sword |    12 |    21 |    35 ||    68
